 Dungeon Crawl Stone Soup version 0.29.1-2-gbd0b4ee654 (webtiles) character file.

Game seed: 16196381831250371977

6 CryoSword the Firebug (level 1, 0/14 HPs)
             Began as a Demigod Fire Elementalist on Nov 7, 2022.
             Slain by a giant cockroach (1 damage)
             ... on level 1 of the Dungeon.
             The game lasted 00:00:31 (360 turns).

CryoSword the Firebug (Demigod Fire Elementalist)    Turns: 360, Time: 00:00:32

Health: 0/14       AC:  2    Str:  9    XL:     1   Next: 60%
Magic:  11/14      EV: 12    Int: 17    God:
Gold:   6          SH:  0    Dex: 14    Spells: 2/3 levels left

rFire   . . .      SeeInvis .   e - +0 whip
rCold   . . .      Faith    .   (no shield)
rNeg    . . .      Spirit   .   a - +0 robe
rPois   .          Reflect  .   (no helmet)
rElec   .          Harm     .   (no cloak)
rCorr   .          Rampage  .   (no gloves)
Will    .....                   (no boots)
Stlth   ++........              (no amulet)
HPRegen 0.04/turn               c - ring of magical power
MPRegen 0.14/turn               (no ring)

@: no status effects
A: high MP 1, forlorn, divine attributes
a: no special abilities


You were on level 1 of the Dungeon.
You visited 1 branch of the dungeon, and saw 1 of its levels.

You collected 6 gold pieces.

Inventory:

Hand Weapons
 e - a +0 whip (weapon)
   (You took it off a kobold on level 1 of the Dungeon)
Armour
 a - a +0 robe (worn)
 f - a +1 pair of boots
   (You found it on level 1 of the Dungeon)
Jewellery
 c - a ring of magical power (left hand)
   (You found it on level 1 of the Dungeon)
Potions
 b - a potion of magic


   Skills:
 - Level 1.7 Dodging
 - Level 1.7 Stealth
 - Level 1.7 Spellcasting
 * Level 1.3 Conjurations
 * Level 2.9 Fire Magic


You had 2 spell levels left.
You knew the following spells:

 Your Spells              Type           Power      Damage    Failure   Level
a - Foxfire               Conj/Fire      32%        2x1d5     9%          1

Your spell library contained the following spells:

 Spells                   Type           Power      Damage    Failure   Level
 Scorch                   Fire           22%        2d6       9%          2
 Conjure Flame            Conj/Fire      8%         6-21      26%         3
 Inner Flame              Hex/Fire       6%         N/A       32%         3
 Flame Wave               Conj/Fire      8%         2d5       63%         4


Dungeon Overview and Level Annotations

Branches:
Dungeon (1/15)


Innate Abilities, Weirdness & Mutations

You have an increased reservoir of magic. (+10% MP)
You shall have no god before yourself.
Your divine heritage dramatically boosts your attributes as you level up.


Message History

Welcome, CryoSword the Demigod Fire Elementalist.
A smirking vizier told you that the Orb of Zot is just within this dungeon.
Found a bone ring.
Found a staircase leading out of the dungeon.
c - a ring of magical power You open the large door.
There is a large open door here.
Found a stone staircase leading down.
You feel your magic capacity increase.
c - a ring of magical power (left hand)
You now have 6 gold pieces.
d - a scroll labelled ICUEDGH XES ISE A kobold comes into view.
It is wielding a +0 whip.
A kobold is nearby!
You conjure some foxfire!
You conjure some foxfire!
The kobold shouts!
You hear a shout!
A kobold comes into view. It is wielding a +0 dagger.
A kobold comes into view. It is wielding a +0 short sword.
You conjure some foxfire!
The foxfire hits the kobold.
The foxfire hits the kobold but does no damage.
The foxfire hits the kobold.
You kill the kobold!
You conjure some foxfire!
The foxfire hits the kobold but does no damage.
You conjure some foxfire!
The foxfire hits the kobold.
You kill the kobold!
The foxfire hits the kobold.
A frilled lizard comes into view.
Your Conjurations skill increases to level 1!
You conjure some foxfire!
The foxfire hits the kobold.
You kill the kobold!
You conjure some foxfire!
The foxfire hits the frilled lizard.
You kill the frilled lizard!
The foxfire hits the ball python.
A ball python comes into view.
You conjure some foxfire!
The foxfire hits the ball python.
You kill the ball python!
You conjure some foxfire!
An endoplasm comes into view.
An endoplasm is nearby!
An endoplasm is nearby!
You conjure some foxfire!
The endoplasm quivers.
You conjure some foxfire!
The foxfire hits the endoplasm.
You conjure some foxfire!
The foxfire hits the endoplasm. x3
You kill the endoplasm!
You conjure some foxfire!
Items here: )) ††.
e - a +0 whip
e - a +0 whip (weapon)
f - a +0 pair of boots
Found a stone staircase leading down.
A ball python comes into view.
A ball python is nearby!
A ball python is nearby!
The ball python bites you. The ball python barely misses you.
You don't know that spell.
You conjure some foxfire!
The ball python bites you but does no damage.
The ball python grabs you. The ball python constricts you.
You conjure some foxfire!
The ball python bites you. The ball python constricts you.
You conjure some foxfire!
The foxfire hits the ball python.
You kill the ball python!
A kobold and a gnoll come into view.
There are monsters nearby!
There are monsters nearby!
There are monsters nearby!
A giant cockroach comes into view.
A goblin comes into view. It is wielding a +0 dagger.
The kobold shouts!
You conjure some foxfire!
The goblin shouts!
You hear a shout!
The gnoll misses you.
You conjure some foxfire!
The foxfire hits the gnoll.
The foxfire hits the kobold.
You kill the kobold!
The gnoll hits you with a +0 whip.
You conjure some foxfire!
The foxfire hits the gnoll.
The foxfire hits the gnoll but does no damage.
The foxfire hits the giant cockroach.
The gnoll hits you with a +0 whip.
* * * LOW HITPOINT WARNING * * *
The goblin misses you.
You conjure some foxfire!
The goblin hits you with a +0 dagger.
* * * LOW HITPOINT WARNING * * *
The gnoll barely misses you.
There is not enough space to conjure foxfire!
The foxfire hits the giant cockroach.
The giant cockroach attacks as you move away!
The giant cockroach misses you.
The giant cockroach attacks as you move away!
The giant cockroach bites you.
* * * LOW HITPOINT WARNING * * *
The giant cockroach bites you but does no damage.
The giant cockroach attacks as you move away!
The giant cockroach bites you but does no damage.
Okay, then.
You hit the giant cockroach but do no damage.
The giant cockroach closely misses you.
As you read the scroll labelled ICUEDGH XES ISE, it crumbles to dust.
It is a scroll of enchant armour.
Your +0 pair of boots glows green for a moment.
The giant cockroach bites you but does no damage.
The giant cockroach bites you.
You die...

###### #....# #....#
######....#
##.........#
###########..####....#
#.ggB@......## #....#
########.###########
##....# #........#
######.....#
#......###
#......##### #...).##
#.###### ....... ##.#
.#..... ##..# #.....
###..## ####.#
#####...## ###


You could see a gnoll, a giant cockroach and a goblin.

Vanquished Creatures
  An endoplasm (D:1)
  2 ball pythons (D:1)
  A frilled lizard (D:1)
  4 kobolds (D:1)
8 creatures vanquished.

Vanquished Creatures (others)
  31 foxfires (D:1)
31 creatures vanquished.

Grand Total: 39 creatures vanquished

Notes
Turn   | Place    | Note
-------+----------+-------------------------------------------
     0 | D:1      | CryoSword the Demigod Fire Elementalist began the quest for
                  | the Orb.
     0 | D:1      | Reached XP level 1. HP: 14/14 MP: 5/5
   115 | D:1      | Reached skill level 1 in Conjurations
   360 | D:1      | Slain by a giant cockroach

Illustrated notes

Levels and vault maps discovered:
D:1:      dpeg_arrival_houses_and_road, layout_rooms

Skill      XL: |  1 |
---------------+----+-----
Conjurations   | 1 |  1.3
Dodging        | |  1.7
Stealth        | |  1.7
Spellcasting   | |  1.7
Fire Magic     | |  2.9

Action                   || total
-------------------------++-------
Melee: Whip              ||     1
 Cast: Foxfire           ||    20
  Use: Scroll            ||     1
Armor: Robe              ||     4
Dodge: Dodged            ||     6
